 Dungeon Crawl Stone Soup version 0.32-a0-899-geb5ba95c15 (webtiles) character file.

Game seed: 14716308183425463888

317 sanka the Shooter (level 6, -2/44 HPs)
             Began as a Coglin Hunter on Apr 5, 2024.
             Succumbed to a scorpion's poison
             ... on level 4 of the Dungeon.
             The game lasted 00:04:07 (2978 turns).

sanka the Shooter (Coglin Hunter)                   Turns: 2978, Time: 00:04:07

Health: -2/44      AC:  5    Str: 11    XL:     6   Next: 44%
Magic:  6/6        EV: 11    Int:  9    God:
Gold:   174        SH:  0    Dex: 19    Spells: 5/5 levels left

rFire   . . .        a - +2 sling {Suchat}
rCold   . . .        d - +0 sling {Surin}
rNeg    . . .        c - +0 leather armour
rPois   .            m - +0 helmet
rElec   .            (no cloak)
rCorr   .            s - +0 pair of gloves
SInv    .            (no boots)
Will    .....        (amulet unavailable)
Stlth   ++           (ring unavailable)
HPRegen 0.27/turn    (ring unavailable)
MPRegen 0.10/turn    (no gizmo)

%: no passive effects
@: lethally poisoned (-2 -> -13), invisible, revved
A: off-hand wielding, slow wielding, warmup strikes, no jewellery
a: Invent Gizmo


You were on level 4 of the Dungeon.
You visited 1 branch of the dungeon, and saw 4 of its levels.

You collected 174 gold pieces.


Innate Abilities, Weirdness & Mutations

You can wield a second weapon in your off-hand.
It takes a long time for you to wield or remove held weapons.
Your first few attacks do less damage.
You cannot equip rings or amulets.


   Skills:
 - Level 2.0 Fighting
 + Level 6.9 Ranged Weapons
 - Level 1.7 Dodging
 - Level 0.7 Stealth


You had 5 spell levels left.
You didn't know any spells.
Your spell library contained the following spells:

 Spells                   Type           Power      Damage    Failure   Level
 Kiss of Death            Conj/Necr      0%         2d5       47%         1
 Blink                    Tloc           0%         N/A       63%         2
 Lesser Beckoning         Tloc           0%         N/A       63%         2
 Momentum Strike          Conj/Tloc      0%         3d8       63%         2
 Confusing Touch          Hex            0%         N/A       85%         3
 Dispel Undead            Necr           0%         3d6       99%         4

Inventory:

Hand Weapons
 a - a +2 sling (weapon) {Suchat}
 d - a +0 sling (offhand) {Surin}
Armour
 c - a +0 leather armour (worn)
 m - a +0 helmet (worn)
 s - a +0 pair of gloves (worn)
Scrolls
 b - a scroll of butterflies
 e - a scroll of acquirement {unknown}
 g - 2 scrolls of enchant armour {unknown}
 i - 2 scrolls of teleportation {unknown}
 j - 10 scrolls of identify {unknown}
 q - a scroll of amnesia {unknown}
 r - a scroll of blinking {unknown}
Potions
 f - a potion of enlightenment {unknown}
 h - a potion of heal wounds {unknown}
 k - a potion of magic {unknown}
 l - a potion of haste {unknown}
 n - a potion of curing {unknown}
 o - a potion of invisibility
 p - a potion of berserk rage {unknown}

Dungeon Overview and Level Annotations

Branches:
Dungeon (4/15)             Temple (0/1) D:4

Altars:
Ashenzari
Dithmenos
Sif Muna

Annotations:
D:2 1 runed translucent door, Crazy Yiuf

▒▒▒........▒▒▒▒▒▒.
▒.....▒▒...▒...... ▒
▒.....▒....▒.▒▒▒▒. ..
▒.....▒....▒......
...▒▒▒▒..)..▒....▒......
..).........▒....▒......
▒...▒...▒).▒▒.▒.........
▒. ▒............<......
▒...▒▒▒g▒......▒......▒.
......s..▒.▒▒▒÷▒..▒...▒.
..>..⌠.....▒ ▒.▒..▒.▒▒▒.
!..........▒ ▒.▒..▒.....
▒...▒▒▒....▒▒▒.▒..▒▒▒...
▒.⌠.▒........▒.▒..▒.....
▒.. ▒....<...▒.▒>^▒.▒...
.. .........▒.▒▒.▒.▒▒▒▒
.▒▒......▒.▒▒.......


You could see a scorpion (unable to see you).


Message History

The sling bullet closely misses the scorpion.
You feel very sick. The scorpion stings you.
* * * LOW HITPOINT WARNING * * *
You are lethally poisoned!
The scorpion poisons you! The scorpion closely misses you.
You shoot a sling bullet.
The sling bullet hits the scorpion but does no damage.
The scorpion is almost dead.
You shoot a sling bullet.
The sling bullet hits the scorpion but does no damage.
The scorpion is almost dead.
* * * LOW HITPOINT WARNING * * *
You feel very sick. The scorpion barely misses you.
You shoot a sling bullet. The sling bullet hits the scorpion.
The scorpion is almost dead.
You shoot a sling bullet.
The sling bullet barely misses the scorpion.
* * * LOW HITPOINT WARNING * * *
You feel very sick.
The scorpion stings you but does no damage.
The scorpion stings you.
* * * LOW HITPOINT WARNING * * *
Unknown command.
It was a potion of invisibility.
You fade into invisibility!
You die...

Action                     |  1- 3 |  4- 6 || total
---------------------------+-------+-------++-------
   Fire: Sling             |   132 |   298 ||   430
    Use: Potion            |       |     1 ||     1
 Armour: Leather armour    |    16 |    22 ||    38
  Dodge: Dodged            |    19 |    16 ||    35

Levels and vault maps discovered:
D:1:      noname_arrival_rooms_in_the_neighbourhood, layout_basic,
          basic_ecumenical_altar, chequers_serial_rivers_micro_b
D:2:      layout_basic, uniq_crazy_yiuf_cottage, uniq_robin
D:3:      layout_basic, lemuel_tele_altar, nicolae_overflow_crystal_walls,
          serial_glass, glass_columns_a, glass_columns_c, grunt_decor_fettered,
          guppyfry_early_orc_mine
D:4:      layout_basic, nicolae_dithmenos_the_darkroom,
          minmay_temple_entry_junction_2

Notes
Turn   | Place    | Note
-------+----------+-------------------------------------------
     0 | D:1      | sanka the Coglin Hunter began the quest for the Orb.
     0 | D:1      | Reached XP level 1. HP: 16/16 MP: 1/1
   147 | D:1      | Reached skill level 4 in Ranged Weapons
   147 | D:1      | Reached XP level 2. HP: 22/22 MP: 2/2
   309 | D:1      | Found a faded altar of an unknown god.
   656 | D:1      | Reached XP level 3. HP: 27/27 MP: 3/3
  1164 | D:2      | Noticed Robin
  1219 | D:2      | Reached skill level 5 in Ranged Weapons
  1219 | D:2      | Reached XP level 4. HP: 33/33 MP: 4/4
  1378 | D:2      | Found a runed translucent door.
  1379 | D:2      | Noticed Crazy Yiuf
  1413 | D:2      | Killed Robin
  1899 | D:3      | Reached XP level 5. HP: 36/38 MP: 5/5
  2008 | D:3      | Found a broken altar of Ashenzari.
  2059 | D:3      | Found a shimmering blue altar of Sif Muna.
  2599 | D:4      | Reached skill level 6 in Ranged Weapons
  2606 | D:4      | Found a staircase to the Ecumenical Temple.
  2660 | D:4      | Reached XP level 6. HP: 44/44 MP: 6/6
  2714 | D:4      | Found a shadowy altar of Dithmenos.
  2977 | D:4      | HP: 1/44 [scorpion (4)]
  2978 | D:4      | Succumbed to a scorpion's poison

Vanquished Creatures
  A scorpion (D:4)
  A hound (D:4)
  2 orc priests (D:4)
  Robin (D:2)
  4 adders
  2 ribbon worms (D:3)
  3 dart slugs
  9 orcs
  6 bats
  10 endoplasms
  A giant cockroach (D:3)
  16 goblins
  12 hobgoblins
  3 jackals (D:2)
  4 quokkas
  8 ball pythons
  2 frilled lizards
  4 kobolds
  5 rats
94 creatures vanquished.
